 Dungeon Crawl Stone Soup version 0.27.1 (webtiles) character file.

Game seed: 6610984717604362834

60 Urokeeper the Sneak (level 3, -7/27 HPs)
             Began as a Vampire Brigand on Sept 1, 2021.
             Mangled by an iguana (9 damage)
             ... on level 3 of the Dungeon.
             The game lasted 00:07:26 (1661 turns).

Urokeeper the Sneak (Vampire Brigand)               Turns: 1661, Time: 00:07:27

Health: -7/27      AC:  7    Str: 10    XL:     3   Next: 80%
Magic:  3/3        EV:  8    Int: 13    God:
Gold:   91         SH:  0    Dex: 16    Spells: 2/2 levels left

rFire    x . .     SeeInvis +   a - +2 dagger
rCold    + . .     Faith    .   (no shield)
rNeg     . . .     Spirit   .   q - +0 scale mail
rPois    .         Reflect  .   (no helmet)
rElec    .         Harm     .   c - +0 cloak
rCorr    .         Rampage  .   (no gloves)
Will     .....                  (no boots)
Stlth    ++........             (no amulet)
HPRegen  0.29/turn              j - ring of ice
MPRegen  0.08/turn              (no ring)

@: healing quickly
A: alive, fangs 3, see invisible, vampiric 2
a: Exsanguinate


You were on level 3 of the Dungeon.
You visited 1 branch of the dungeon, and saw 3 of its levels.

You collected 91 gold pieces.

Inventory:

Hand Weapons
 a - a +2 dagger (weapon)
 h - a +0 short sword
 m - a +1 flail of holy wrath
 o - a +0 falchion
Missiles
 d - 8 poisoned darts (quivered)
 e - 2 curare-tipped darts
Armour
 b - a +0 robe
 c - a +0 cloak (worn)
 q - a +0 scale mail (worn)
Jewellery
 j - a ring of ice (left hand)
Scrolls
 k - a scroll of magic mapping
 l - a scroll of brand weapon
 p - a scroll of summoning {unknown}
 r - a scroll of identify
 t - a scroll of amnesia {unknown}
Potions
 f - a potion of lignification {unknown}
 g - 4 potions of heal wounds
 i - 2 potions of curing {unknown}
 n - 2 potions of mutation {unknown}
 s - a potion of cancellation {unknown}


   Skills:
 + Level 2.1 Fighting
 + Level 2.7 Short Blades
 + Level 1.7 Throwing
 + Level 1.1 Dodging
 + Level 7.5 Stealth


You had 2 spell levels left.
You didn't know any spells.
Your spell library was empty.

Dungeon Overview and Level Annotations

Branches:
Dungeon (3/15)

Altars:

Shops:
D:1 :


Innate Abilities, Weirdness & Mutations

Your natural rate of healing is accelerated.
You have razor-sharp teeth.
You have supernaturally acute eyesight. (SInv)
You are afflicted with vampirism and can become a bat while bloodless.


Message History

The quokka bites you but does no damage.
You hit the iguana but do no damage. You bite the iguana, but do no damage.
The iguana bites you.
The quokka bites you but does no damage.
The iguana completely misses you.
You hit the iguana. You bite the iguana, but do no damage.
The iguana is lightly wounded.
The iguana closely misses you.
You hit the iguana but do no damage.
The iguana is lightly wounded.
The iguana bites you.
You hit the iguana but do no damage.
The iguana is lightly wounded.
The iguana bites you!
You hit the iguana but do no damage.
The iguana is lightly wounded.
The iguana bites you but does no damage.
You hit the iguana.
The iguana is lightly wounded.
The iguana hisses menacingly.
The iguana barely misses you.
You barely miss the iguana.
The iguana is lightly wounded.
You hit the iguana but do no damage.
The iguana is lightly wounded.
The iguana bites you.
You hit the iguana but do no damage.
The iguana is lightly wounded.
The iguana bites you.
You hit the iguana but do no damage.
The iguana is lightly wounded.
The iguana barely misses you.
You hit the iguana but do no damage.
The iguana is lightly wounded.
The iguana bites you!
* * * LOW HITPOINT WARNING * * *
You hit the iguana.
The iguana is moderately wounded.
The iguana bites you!
You die...

###..#
#..#####.........
##.#
##.#####.......#.
#.####....##.......#
#...#####.##.......#
#...## #..#########
##...# ##.# #...# #.#
##..#####.#####.#
#†.......rl@..)# #
#........####### #
#..##...........
######....#..........
...........###.......
.######..#..# ....$..
..### ##....# .......
#...#####.>.#......>.
###....<.............


You could see an iguana and a quokka.

Vanquished Creatures
  A gnoll (D:1)
  An adder (D:2)
  A worm (D:2)
  An endoplasm (D:2)
  3 giant cockroaches (D:1)
  3 goblins
  3 hobgoblins (D:1)
  6 kobolds
  2 quokkas (D:1)
  4 ball pythons
  5 bats
  5 frilled lizards
  5 rats
40 creatures vanquished.

Notes
Turn   | Place    | Note
-------+----------+-------------------------------------------
     0 | D:1      | Urokeeper the Vampire Brigand began the quest for the Orb.
     0 | D:1      | Reached XP level 1. HP: 16/16 MP: 1/1
    13 | D:1      | Reached skill level 6 in Stealth
   161 | D:1      | Found Wocke's Book Boutique.
   333 | D:1      | Reached XP level 2. HP: 20/22 MP: 2/2
   734 | D:1      | Reached skill level 7 in Stealth
   734 | D:1      | Gained mutation: You are afflicted with vampirism and can
                  | become a bat while bloodless. [Vampire growth]
   734 | D:1      | Reached XP level 3. HP: 27/27 MP: 3/3
   770 | D:1      | Found a faded altar of an unknown god.
  1071 | D:2      | HP: 1/27 [worm (11)]
  1661 | D:3      | Mangled by an iguana

Illustrated notes

Levels and vault maps discovered:
D:1:      minmay_arrival_three_doors, layout_loops_corners, serial_shops, shop,
          dreamdust_ecumenical_altar_statues
D:2:      layout_basic, grunt_ministairs_9, mrwooster_statue_mirror
D:3:      layout_rooms, gup_sewer_entry_pipe

Skill      XL: |  1  2 |
---------------+-------+-----
Stealth        | 6 7 |  7.5
Fighting       | 2 |  2.1
Short Blades   | |  2.7
Throwing       | |  1.7
Dodging        | |  1.1

Action                   || total
-------------------------++-------
Melee: Dagger            ||    91
       Bite              ||    11
Throw: Dart              ||     5
  Use: Scroll            ||     3
 Stab: Sleeping          ||    16
       Distracted        ||     1
Armor: Robe              ||    11
       Scale mail        ||     7
Dodge: Dodged            ||    34
